 Dungeon Crawl Stone Soup version 0.28.0-53-g5a82cb258f (webtiles) character file.

Game seed: 4302508267826070764

9729 DungeonMaster the Thaumaturge (level 11, 68/68 HPs)
             Began as a Demonspawn Hedge Wizard on July 2, 2022.
             Was an Initiate of Gozag.
             Quit the game on level 10 of the Dungeon on July 3, 2022.
             The game lasted 00:40:06 (16995 turns).

DungeonMaster the Thaumaturge (DsWz)               Turns: 16995, Time: 00:40:06

Health: 68/68      AC:  8    Str: 11    XL:     11   Next: 26%
Magic:  24/24      EV: 12    Int: 20    God:    Gozag
Gold:   325        SH:  5    Dex: 16    Spells: 9/28 levels left

rFire   . . .      SeeInvis .   a - +4 rapier (venom)
rCold   . . .      Faith    .   L - +0 buckler
rNeg    + . .      Spirit   .   N - +0 steam dragon scales
rPois   +          Reflect  .   f - +0 helmet
rElec   .          Harm     .   (no cloak)
rCorr   .          Rampage  .   (gloves unavailable)
Will    .....                   (no boots)
Stlth   ++........              (no amulet)
HPRegen 0.21/turn               u - ring of wizardry
MPRegen 0.19/turn               K - ring of the Blind Eye {Drain rPois rN+ Dex+4}

@: studying Shields
A: thin metallic scales 1, ignite blood 1, spiny 1, demonic touch 3
a: Renounce Religion, Potion Petition, Call Merchant, Bribe Branch


You were on level 10 of the Dungeon.
You worshipped Gozag.
Gozag was aware of your devotion.
You visited 2 branches of the dungeon, and saw 11 of its levels.

You collected 1698 gold pieces.
You spent 840 gold pieces at shops.
You paid 533 gold pieces to Gozag.

Inventory:

Hand Weapons
 a - a +4 rapier of venom (weapon)
 s - a +3 flail
 w - a +0 hunting sling
 J - a +5 falchion of freezing
Missiles
 e - 158 stones
 n - 170 arrows
 r - 21 sling bullets
 t - 14 boomerangs
 C - 4 poisoned darts
 F - 3 throwing nets
 G - 4 datura-tipped darts
 H - 6 atropa-tipped darts (quivered)
Armour
 f - a +0 helmet (worn)
 p - a +0 kite shield
 D - the +5 scale mail of the Stars {Dex+3}
   (You found it on level 5 of the Dungeon)

   Dex:       It affects your dexterity (+3).
 L - a +0 buckler (worn)
 N - +0 steam dragon scales (worn)
Magical Staves
 z - a staff of earth
Jewellery
 i - a +4 ring of evasion
 u - a ring of wizardry (left hand)
 I - a ring of protection from cold
 K - the ring of the Blind Eye (right hand) {Drain rPois rN+ Dex+4}
   (You bought it in a shop on level 9 of the Dungeon)

   [ring of positive energy]

   Dex:       It affects your dexterity (+4).
   rPois:     It protects you from poison.
   rN:        It protects you from negative energy.
   Drain:     It drains your maximum health when unequipped.
Wands
 g - a wand of polymorph (28)
 m - a wand of flame (101)
 M - a wand of iceblast (11)
Scrolls
 b - a scroll of silence
 c - a scroll of immolation
 k - 3 scrolls of teleportation
 y - 2 scrolls of blinking
Potions
 h - 5 potions of curing
 j - 3 potions of haste
 l - a potion of resistance {unknown}
 o - 2 potions of cancellation
 q - 2 potions of might
 x - 2 potions of invisibility
 A - 4 potions of lignification
 B - a potion of brilliance
 E - a potion of flight
 O - a potion of heal wounds


   Skills:
 - Level 1.7 Dodging
 - Level 1.7 Stealth
 * Level 5.5 Shields
 * Level 9.3 Spellcasting
 - Level 8.6 Conjurations
 - Level 1.0 Summonings
 - Level 0.8 Translocations
 - Level 5.5 Fire Magic
 * Level 6.1 Ice Magic
 - Level 4.6 Air Magic
 - Level 4.3 Poison Magic


You had 9 spell levels left.
You knew the following spells:

 Your Spells              Type           Power      Damage    Failure   Level
a - Magic Dart            Conj           100%       1d8       1%          1
b - Blink                 Tloc           24%        N/A       4%          2
c - Foxfire               Conj/Fire      100%       2x1d9     1%          1
d - Mephitic Cloud        Conj/Pois/Air  32%        N/A       1%          3
e - Flame Wave            Conj/Fire      37%        2d9       2%          4
f - Ignite Poison         Fire/Tmut/Pois 22%        N/A       3%          3
g - Freezing Cloud        Conj/Ice/Air   17%        6-21      8%          5

Your spell library contained the following spells:

 Spells                   Type           Power      Damage    Failure   Level
 Conjure Flame            Conj/Fire      37%        6-21      1%          3
 Frozen Ramparts          Ice            68%        1d8       1%          3
 Inner Flame              Hex/Fire       20%        N/A       3%          3
 Animate Skeleton         Necr           18%        N/A       4%          1
 Beastly Appendage        Tmut           18%        N/A       4%          1
 Pain                     Necr           36%        1d5       4%          1
 Slow                     Hex            36%        N/A       4%          1
 Call Imp                 Summ           13%        N/A       4%          2
 Spider Form              Tmut/Pois      18%        N/A       4%          3
 Wereblood                Tmut           9%         N/A       6%          2
 Summon Ice Beast         Ice/Summ       23%        N/A       9%          4
 Ice Form                 Ice/Tmut       21%        N/A       11%         4
 Vampiric Draining        Necr           9%         2d6       12%         3
 Summon Lightning Spire   Summ/Air       20%        N/A       12%         4
 Storm Form               Tmut/Air       9%         N/A       100%        7
 Maxwell's Capacitive Co  Air            13%        ∞         100%        8


Dungeon Overview and Level Annotations

Branches:
Dungeon (10/15)            Temple (1/1) D:5             Orc (0/2) D:9
   Lair: D:8-11

Altars:
Ashenzari
Cheibriados
Dithmenos
Gozag
Hepliaklqana
Nemelex Xobeh
Okawaru
Ru
Sif Muna
Trog
Uskayaw
Wu Jian
Xom
Yredelemnul
Zin
Beogh

Shops:
D:2 ?   D:5 !   D:7 (   D:9 =

Annotations:
D:2 1 runed translucent door, Crazy Yiuf
D:4 3 runed translucent doors, Edmund; Tali's ghost, novice DsBe
D:10 1 exclusion


Innate Abilities, Weirdness & Mutations

You are partially covered in thin metallic scales. (AC +2)
Your demonic aura sometimes causes spilled blood to erupt in flames.
You are partially covered in sharp spines.
Your touch may irresistibly damage your foes and sap their willpower.


Message History

The centaur zombie is moderately damaged.
The centaur zombie hits you. You block the centaur zombie's attack.
You puncture the centaur zombie!
The centaur zombie is heavily damaged.
The centaur zombie hits you but does no damage.
You block the centaur zombie's attack.
The centaur zombie is struck by your spines.
The centaur zombie hits you. The centaur zombie misses you.
You puncture the centaur zombie!
The centaur zombie is severely damaged.
The centaur zombie hits you. You block the centaur zombie's attack.
You puncture the centaur zombie!
You destroy the centaur zombie!
You now have 325 gold pieces (gained 5).
A skeletal warrior comes into view. It is wielding a +0 scimitar.
Press: ? - help, v - describe, . - travel The floor.
Placed new exclusion.
Reduced exclusion size to a single square.
d - 2 scrolls of identify (gained 1)
Found a quarterstaff.
You see here a +0 quarterstaff.
You see here a +0 quarterstaff.
m - a wand of flame (101) (gained 12 charges)
There is a stone staircase leading down here.
There is a stone staircase leading down here.
There is a stone staircase leading up here.
There is a stone staircase leading up here.
There is a stone staircase leading down here.
There is a stone staircase leading down here.
There is a stone staircase leading down here.
There is a stone staircase leading down here.
There is a stone staircase leading up here.
Partly explored, can't reach some places.
As you read the scroll of identify, it crumbles to dust.
v - a potion of attraction You drop a potion of attraction.
As you read the scroll of identify, it crumbles to dust.
B - a potion of brilliance Are you sure you want to abandon this character and quit the game? (Confirm with "yes".)

#...#
#.............#
#...#
#.............#
#...#
#.............#
#...#
#.............#
#...#
#.............#
#...#
#.............#
#...#
#.............#
#...#
#.............#
#...#
#.....@.......#
#...#
#......!......#
#...#
#.............#
#...#
#.............#
#####
###############


There were no monsters in sight!

Vanquished Creatures
  A boulder beetle (D:8)
  4 two-headed ogres
  Pikel (D:5)
  A deep elf pyromancer (D:8)
  Maggie (D:9)
  A hornet (D:8)
  Sigmund (D:3)
  A shadow (D:10)
  A wyvern (D:8)
  A wraith (D:10)
  4 yaks (D:7)
  A steam dragon (D:6)
  A water moccasin (D:7)
  2 orc warriors
  A necrophage (D:6)
  An ice beast (D:7)
  5 centaurs
  2 ogres (D:6)
  2 wolves (D:9)
  4 lemures (D:5)
  A phantom (D:4)
  A kobold brigand (D:9)
  2 bullfrogs
  5 gnoll sergeants (D:9)
  9 killer bees
  10 wights
  4 howler monkeys
  5 centaur zombies
  6 orc priests
  6 hounds
  3 jellies
  3 gnoll shamans (D:9)
  2 centaur skeletons (D:7)
  Jessica (D:3)
  An orc wizard (D:8)
  An iguana (D:5)
  2 killer bee zombies (D:8)
  A howler monkey skeleton (D:5)
  11 adders
  26 gnolls
  A shadow imp (D:6)
  A white imp (D:7)
  2 dart slugs
  51 orcs
  7 ball pythons
  4 bats
  7 endoplasms
  3 giant cockroaches
  9 goblins
  6 hobgoblins
  11 jackals
  3 quokkas
  4 frilled lizards
  12 kobolds
  5 rats
262 creatures vanquished.

Vanquished Creatures (others)
  47 foxfires
  A plant (D:8)
48 creatures vanquished.

Grand Total: 310 creatures vanquished

Notes
Turn   | Place    | Note
-------+----------+-------------------------------------------
     0 | D:1      | DungeonMaster the Demonspawn Hedge Wizard began the quest
                  | for the Orb.
     0 | D:1      | Reached XP level 1. HP: 13/13 MP: 4/4
   320 | D:1      | Found a faded altar of an unknown god.
   337 | D:1      | Gained mutation: Your touch may inflict minor irresistible
                  | damage on your foes. [demonic ancestry]
   337 | D:1      | Reached XP level 2. HP: 19/19 MP: 4/6
  1193 | D:1      | Gained mutation: Your touch may inflict irresistible damage
                  | on your foes. [demonic ancestry]
  1193 | D:1      | Reached XP level 3. HP: 24/24 MP: 5/8
  1532 | D:2      | Learned a level 2 spell: Blink
  1536 | D:2      | Learned a level 3 spell: Mephitic Cloud
  2147 | D:2      | Found a sacrificial altar of Ru.
  2270 | D:2      | Found a runed translucent door.
  2271 | D:2      | Noticed Crazy Yiuf
  2362 | D:2      | Found Zefor's Magic Scroll Emporium.
  2597 | D:3      | Gained mutation: You are partially covered in sharp spines.
                  | [demonic ancestry]
  2597 | D:3      | Reached XP level 4. HP: 30/30 MP: 5/9
  2638 | D:3      | Reached skill level 1 in Poison Magic
  3012 | D:2      | Reached skill level 1 in Air Magic
  3484 | D:3      | Noticed Sigmund
  3960 | D:3      | Reached XP level 5. HP: 35/35 MP: 1/10
  4190 | D:3      | Reached skill level 4 in Spellcasting
  4234 | D:3      | Killed Sigmund
  4235 | D:3      | Reached XP level 6. HP: 18/41 MP: 9/12
  4248 | D:3      | Noticed Jessica
  4258 | D:3      | HP: 1/41 [gnoll/+0 vorpal flail (3)]
  4720 | D:3      | Killed Jessica
  4780 | D:3      | Learned a level 1 spell: Foxfire
  5197 | D:4      | Found a hazy altar of Hepliaklqana.
  5485 | D:4      | Noticed Blork the orc
  5489 | D:4      | Noticed Blork
  5489 | D:4      | Blork the orc changed into Blork the bat
  5490 | D:4      | Killed Blork the bat
  5712 | D:4      | Reached XP level 7. HP: 13/46 MP: 1/14
  6243 | D:4      | Found a runed translucent gate.
  6245 | D:4      | Found a runed translucent gate.
  6245 | D:4      | Identified the +1 leather armour of Lugonu's Displeasure
                  | {Will+}
  6245 | D:4      | Noticed Tali's ghost (novice DsBe)
  6246 | D:4      | Found a runed translucent gate.
  6582 | D:4      | Noticed Ijyb
  6610 | D:4      | Noticed Ijyb
  6610 | D:4      | Ijyb changed into Ijyb the jelly
  6622 | D:4      | Killed Ijyb the jelly
  6757 | D:4      | Noticed an angel
  6769 | D:4      | Noticed Edmund
  6802 | D:4      | Noticed Edmund
  6802 | D:4      | Edmund changed into Edmund the swamp drake
  7108 | D:5      | Entered Level 5 of the Dungeon
  7220 | D:5      | Reached skill level 5 in Spellcasting
  7323 | D:5      | Found a staircase to the Ecumenical Temple.
  7333 | Temple   | Entered the Ecumenical Temple
  7383 | Temple   | Became a worshipper of Gozag Ym Sagoz the Greedy
  7606 | D:5      | Noticed Pikel
  7903 | D:5      | Identified a scroll of acquirement
  7903 | D:5      | Acquired a +3 rapier of venom
  8024 | D:5      | Noticed Grinder
  8046 | D:5      | Identified the +5 scale mail of the Stars {Dex+3}
  8301 | D:6      | Gained mutation: Your demonic aura sometimes causes spilled
                  | blood to erupt in flames. [demonic ancestry]
  8301 | D:6      | Reached XP level 8. HP: 52/52 MP: 12/16
  8337 | D:6      | Reached skill level 5 in Conjurations
  9482 | D:7      | Reached skill level 6 in Spellcasting
  9982 | D:7      | Found a broken altar of Ashenzari.
 10015 | D:7      | Reached skill level 1 in Fire Magic
 10367 | D:7      | Found a sacrificial altar of Ru.
 10375 | D:7      | Found an iron altar of Okawaru.
 10525 | D:7      | Reached XP level 9. HP: 57/57 MP: 12/18
 10566 | D:7      | Learned a level 4 spell: Flame Wave
 10803 | D:7      | Found Qiuwoen's Weapon Shop.
 10812 | D:7      | Learned a level 3 spell: Ignite Poison
 10818 | D:7      | Learned a level 5 spell: Freezing Cloud
 11010 | D:7      | Reached skill level 1 in Ice Magic
 11307 | D:7      | Reached skill level 7 in Spellcasting
 12217 | D:8      | Noticed a deep elf pyromancer
 12230 | D:8      | Killed a deep elf pyromancer
 12356 | D:8      | Noticed a boulder beetle
 12398 | D:8      | Gained mutation: You are partially covered in thin metallic
                  | scales. (AC +2) [demonic ancestry]
 12398 | D:8      | Reached XP level 10. HP: 36/63 MP: 3/21
 12398 | D:8      | Killed a boulder beetle
 12560 | D:8      | Noticed a two-headed ogre
 12572 | D:8      | Killed a two-headed ogre
 12573 | D:8      | Reached skill level 8 in Spellcasting
 12573 | D:8      | Reached skill level 5 in Fire Magic
 13035 | D:8      | Found a sparkling altar of Nemelex Xobeh.
 14081 | D:9      | Noticed Maggie
 14279 | D:9      | Bought the ring of the Blind Eye {Drain rPois rN+ Dex+4}
                  | for 510 gold pieces
 14320 | D:9      | Killed Maggie
 14321 | D:9      | Reached skill level 1 in Shields
 14504 | D:9      | Reached skill level 5 in Ice Magic
 14515 | D:9      | Noticed a two-headed ogre
 14520 | D:9      | Killed a two-headed ogre
 14561 | D:9      | Acquired the +2 pair of gloves of the Gastropod {rF+}
 14668 | D:9      | Found a staircase to the Orcish Mines.
 15228 | D:5      | Killed Pikel
 15229 | D:5      | Reached skill level 9 in Spellcasting
 15229 | D:5      | Gained mutation: Your touch may irresistibly damage your
                  | foes and sap their willpower. [demonic ancestry]
 15229 | D:5      | Reached XP level 11. HP: 66/68 MP: 13/24
 15237 | D:5      | Noticed Grinder
 15237 | D:5      | Grinder changed into Grinder the lemure
 15243 | D:5      | Killed Grinder the lemure
 15365 | D:5      | Found Jaolol's Distillery.
 15370 | D:5      | Bought a potion of curing for 33 gold pieces
 15370 | D:5      | Bought a potion of curing for 33 gold pieces
 15370 | D:5      | Bought a potion of curing for 33 gold pieces
 15370 | D:5      | Bought 2 potions of degeneration for 22 gold pieces
 15370 | D:5      | Bought a potion of heal wounds for 55 gold pieces
 15370 | D:5      | Bought a potion of haste for 110 gold pieces
 15370 | D:5      | Bought a potion of might for 44 gold pieces
 15447 | D:10     | Entered Level 10 of the Dungeon
 15495 | D:10     | HP: 1/68 [something (13)]
 15848 | D:10     | Noticed a two-headed ogre
 15860 | D:10     | Killed a two-headed ogre
 16005 | D:10     | Reached skill level 5 in Shields
 16156 | D:10     | Noticed a two-headed ogre
 16161 | D:10     | Killed a two-headed ogre
 16608 | D:10     | Noticed a skeletal warrior
 16995 | D:10     | Quit the game

Illustrated notes

Levels and vault maps discovered:
D:1:      wander_arrival_chamber, layout_basic,
          hellmonk_ecumenical_altar_inner_sanctum
D:2:      layout_basic, basic_altar, serial_shops, nicolae_shop_crystal,
          nrook_campfire, minmay_quadrilaterals, uniq_crazy_yiuf_cottage
D:3:      layout_basic, uniq_jessica, uniq_sigmund
D:4:      cheibrodos_pilgrimage, layout_loops_corners, zin_angel,
          mainiacjoe_overflow_concentric_impassable, biasface_ghost_orc_armoury,
          uniq_ijyb, uniq_edmund, uniq_blork_the_orc
D:5:      layout_basic, temple_doors_e, serial_shops, kennysheep_little_box,
          uniq_pikel, uniq_grinder
D:6:      layout_loops_corners, kennysheep_boxes
D:7:      layout_basic, mainiacjoe_overflow_24_doors,
          mainiacjoe_overflow_large_starburst, serial_shops, shop,
          chequers_serial_rivers_small_a, minmay_manual_mail
D:8:      layout_gridville, mainiacjoe_overflow_small_starburst, special_room
          [special_room_orc], guppyfry_early_elven_hall
D:9:      layout_cave_pools, minmay_orc_entry_temple_small, serial_gnoll_camp,
          gnoll_camp_mini_sergeant, gnoll_camp_mini_hut, gnoll_camp_mini_house,
          gnoll_camp_huts_basic, gnoll_camp_mini_hut, uniq_maggie
D:10:     layout_long_grid, grunt_ogre_cave, minmay_the_grid_2x2
          [minmay_the_grid_broken_lines, minmay_the_grid_fan,
          minmay_the_grid_rooms, minmay_the_grid_prize_four_corners]
Temple:   eino_temple_rhombus

Skill      XL: |  1  2  3  4  5  6  7  8  9 10 11 |
---------------+----------------------------------+-----
Conjurations   | 2 3 4 6 7 8 |  8.6
Poison Magic   | 1 2 3 4 |  4.3
Air Magic      | 1 2 3 4 |  4.6
Spellcasting   | 4 5 6 7 9 |  9.3
Fire Magic     | 2 4 5 |  5.5
Ice Magic      | 3 5 6 |  6.1
Shields        | 4 5 |  5.5
Dodging        | |  1.7
Stealth        | |  1.7
Summonings     | |  1.0
Translocations | |  0.8

Action                   |  1- 3 |  4- 6 |  7- 9 | 10-12 || total
-------------------------+-------+-------+-------+-------++-------
Melee: Short sword       |    21 |    39 |    28 |       ||    88
       Dagger            |     1 |       |       |       ||     1
       Touch             |     3 |     8 |    36 |    17 ||    64
       Flail             |       |     2 |       |       ||     2
       Rapier            |       |       |   109 |   157 ||   266
       Punch             |       |       |     3 |     2 ||     5
Throw: Dart              |       |       |     2 |       ||     2
 Cast: Magic Dart        |   113 |   101 |   147 |    75 ||   436
       Mephitic Cloud    |       |     6 |    27 |    26 ||    59
       Foxfire           |       |       |    28 |     2 ||    30
       Flame Wave        |       |       |     3 |     4 ||     7
       Ignite Poison     |       |       |     1 |     6 ||     7
Invok: Call Merchant     |       |       |       |     1 ||     1
Evoke: Wand              |       |     1 |     4 |     3 ||     8
  Use: Scroll            |     2 |     4 |    11 |     6 ||    23
 Stab: Confused          |       |     2 |     4 |     8 ||    14
       Sleeping          |       |       |     1 |       ||     1
       Distracted        |       |       |       |     1 ||     1
Armor: Robe              |     9 |     3 |    26 |       ||    38
       Leather armour    |       |       |     3 |    11 ||    14
       Steam dragon scal |       |       |       |    19 ||    19
Dodge: Dodged            |    29 |    32 |   137 |   100 ||   298
Block: Buckler           |       |       |       |    16 ||    16
